 Dungeon Crawl Stone Soup version 0.26-a0-651-gb41185065b (webtiles) character file.

Game seed: 15444924412837383629

151481 Flugslaktarn the Severer (level 16, -6/152 HPs)
             Began as a Deep Dwarf Fighter on Oct 26, 2020.
             Was a High Priest of Makhleb.
             Engulfed by a cloud of flame (18 damage)
             ... on level 4 of the Snake Pit.
             The game lasted 00:14:27 (18087 turns).

Flugslaktarn the Severer (Deep Dwarf Fighter)      Turns: 18087, Time: 00:14:28

Health: -6/152     AC: 36    Str: 26    XL:     16   Next: 71%
Magic:  6/6        EV: 15    Int: 11    God:    Makhleb [*****.]
Gold:   375        SH:  0    Dex: 14    Spells: 15/15 levels left

rFire    . . .     SeeInvis .   J - +3 battleaxe (freeze)
rCold    . . .     Faith    .   (shield currently unavailable)
rNeg     + . .     Spirit   .   E - +2 plate armour {rPois}
rPois    +         Reflect  .   u - +2 helmet
rElec    .         Harm     .   B - +2 cloak {MR+}
rCorr    .         Rampage  .   N - +2 pair of gloves {Str+3}
MR       +++..                  d - +2 pair of boots
Stlth    ..........             P - amulet of the acrobat
HPRegen  0.00/turn              p - +4 ring of protection
MPRegen  0.10/turn              v - +4 ring of evasion

@: lethally poisoned (-6 -> -6), non-regenerating, constricted
A: damage resistance, heal wounds, negative energy resistance 1, sense
surroundings 2, no regeneration
}: 1/15 runes: barnacled
a: Heal Wounds, Minor Destruction, Lesser Servant of Makhleb, Major Destruction,
Greater Servant of Makhleb, Renounce Religion


You were on level 4 of the Snake Pit.
You worshipped Makhleb.
Makhleb was extremely pleased with you.
You visited 5 branches of the dungeon, and saw 28 of its levels.
You also visited: Gauntlet.

You collected 2150 gold pieces.
You spent 1775 gold pieces at shops.

Inventory:

Hand Weapons
 j - a +1 trident of distortion
   (You took it off a merfolk impaler on level 4 of the Shoals)
 J - a +3 battleaxe of freezing (weapon)
   (You bought it in a shop on level 13 of the Dungeon)
Missiles
 A - 4 throwing nets (quivered)
Armour
 d - a +2 pair of boots (worn)
   (You found it on level 6 of the Dungeon)
 e - a +0 kite shield
 o - a scarf of resistance
   (You found it on level 4 of the Dungeon)
 u - a +2 helmet (worn)
   (You found it on level 6 of the Dungeon)
 B - a +2 cloak of magic resistance (worn)
   (You found it in a Gauntlet)
 C - a +9 plate armour of ponderousness
   (You bought it in a shop on level 13 of the Dungeon)
 E - a +2 plate armour of poison resistance (worn)
   (You bought it in a shop on level 10 of the Dungeon)
 H - a +1 cloak of preservation
   (You found it in a Gauntlet)
 N - a +2 pair of gloves of strength (worn)
   (You bought it in a shop on level 10 of the Dungeon)
Jewellery
 c - an uncursed ring of protection from cold
   (You found it on level 4 of the Dungeon)
 i - an uncursed ring of see invisible
   (You found it on level 11 of the Dungeon)
 k - an uncursed ring of resist corrosion
   (You took it off a deep elf mage on level 9 of the Dungeon)
 p - a +4 ring of protection (left hand)
   (You found it on level 6 of the Dungeon)
 v - a +4 ring of evasion (right hand)
   (You found it on level 15 of the Dungeon)
 P - an amulet of the acrobat (around neck)
   (You found it on level 4 of the Lair of Beasts)
Wands
 g - a wand of digging (7)
   (You found it on level 6 of the Dungeon)
 G - a wand of paralysis (16)
   (You found it on level 14 of the Dungeon)
 M - a wand of iceblast (3)
   (You found it on level 15 of the Dungeon)
Scrolls
 a - 5 scrolls of fear
 f - 2 scrolls of fog
 l - 3 scrolls of magic mapping
 r - 5 scrolls of identify
 t - 3 scrolls of teleportation
 x - 3 scrolls of remove curse
 z - 2 scrolls of blinking
 D - 3 scrolls of immolation
Potions
 b - 2 potions of mutation
 h - 4 potions of haste
 m - a potion of ambrosia
 n - 3 potions of resistance
 q - 7 potions of curing
 s - 5 potions of flight
 w - 5 potions of heal wounds
 y - 2 potions of lignification
 I - 2 potions of magic
 K - a potion of invisibility
 L - a potion of cancellation
Miscellaneous
 F - a condenser vane (inert)
   (You bought it in a shop on level 10 of the Dungeon)


   Skills:
 + Level 11.7 Fighting
 * Level 18.1 Axes
 + Level 13.7 Armour
 + Level 12.8 Dodging
 - Level 5.2 Shields
 + Level 14.4 Invocations
 - Level 10.0 Evocations


You had 15 spell levels left.
You didn't know any spells.
Your spell library was empty.

Dungeon Overview and Level Annotations

Branches:
Dungeon (15/15)            Temple (1/1) D:4            Lair (4/6) D:9
 Shoals (4/4) Lair:3        Snake (4/4) Lair:4          Orc (0/2) D:12
 Vaults (0/5) D:13         Depths (0/5) D:15        Gauntlet (visited)

Altars:
Ashenzari
Cheibriados
Dithmenos
Elyvilon
Fedhas
Gozag
Hepliaklqana
Kikubaaqudgha
Makhleb
Nemelex Xobeh
Okawaru
Qazlal
Ru
Sif Muna
Trog
Uskayaw
Vehumet
Wu Jian
Xom
Yredelemnul
Zin
The Shining One

Shops:
D:4 *   D:5 *   D:6 *   D:7 [   D:10 }[   D:13 (

Annotations:
D:10 3 runed translucent doors, MirrMurr's ghost, journeyman DsBe
D:15 Roxanne
Lair:2 2 transporters, Cuetid's ghost, journeyman OpWz
Lair:4 2 transporters, Cobof's ghost, journeyman OpVM
Snake:4 Vashnia


Innate Abilities, Weirdness & Mutations

You are resistant to damage.
You can heal yourself by infusing magical energy.
You resist negative energy. (rN+)
You passively map the area around you.
You do not regenerate.


Message History

You are more poisoned.
You partially resist.
* * * LOW HITPOINT WARNING * * *
The naga hits you but does no damage.
The naga mage points at you and mumbles some strange words.
The bolt of poison hits you but does no damage.
You resist.
The bolt of poison hits the naga.
Flame seeps out of the naga.
The naga sharpshooter shoots an arrow.
The arrow hits you!
* * * LOW HITPOINT WARNING * * *
The nagaraja hits you with a +0 club!
* * * LOW HITPOINT WARNING * * *
The nagaraja grabs you. The nagaraja constricts you.
You hear a shout!
You are too injured to fight recklessly!
You are too injured to fight recklessly!
Press: ? - help, Dir - move target cursor The nagaraja's grasp on you weakens, but your attempt to escape fails.
As you read the scroll of blinking, it crumbles to dust.
You are engulfed in blazing flames.
You die...

,
.N.#........#..
, * * ,
..N#§§§§....#..
, * *
....§§§§#......,
, ,
*#####§§§§![####
, ,, #§N§§.(# ,
#☼§§§N.# ** ,
#§N§N§§# * , ,
#.☼☼§SN# ** , ,
* #.§§N@N# * , ,
......§NNN§NNN§N
,* * , ,
..#..§NNNN§#NN§§
, * ,,
.,#..§§§N§§#,§§.
* , .....§§§§..
.#* , ,
####.§§§○§###* *
#.§§§§§# , ,*
#.§§§§§# ** *, ,
,*


You could see Vashnia (inner flame, catching breath), 3 naga warriors, 3
nagarajas, 6 naga sharpshooters, a naga ritualist (inner flame, toxic aura), a
mana viper (inner flame), a naga mage (fast, inner flame) and 6 nagas.

Vanquished Creatures
  Saint Roka (Snake:4)
  A nagaraja (Snake:4)
  Ilsuiw (Shoals:4)
  A balrug (Gauntlet)
  Louise (Shoals:3)
  Nessos (D:15)
  A minotaur (Gauntlet)
  Snorg (D:12)
  8 merfolk javelineers
  2 fire dragons (D:15)
  7 merfolk impalers
  11 naga warriors
  4 hydras
  A centaur warrior (D:15)
  An anaconda (Snake:1)
  A satyr (Shoals:3)
  A merfolk avatar (Shoals:3)
  4 two-headed ogres
  An alligator snapping turtle (Shoals:4)
  3 death yaks (Lair:3)
  A shock serpent (Snake:3)
  10 naga sharpshooters
  Nergalle (D:11)
  2 salamander mystics (Snake:4)
  4 unseen horrors
  9 sea snakes
  2 orc knights
  4 mana vipers
  2 deep elf magi
  A naga ritualist (Snake:4)
  14 ugly things
  3 cyclopes
  27 harpies
  8 fauns
  7 salamanders
  5 manticores
  14 black mambas
  3 water nymphs
  A smoke demon (Gauntlet)
  3 naga magi
  7 merfolk sirens
  A guardian serpent (Snake:3)
  5 centaur skeletons
  4 kobold demonologists
  3 cane toads (Lair:4)
  2 komodo dragons
  3 rime drakes
  3 yaktaurs (D:15)
  A yaktaur (shapeshifter) (D:14)
  6 trolls
  3 meliai (D:15)
  A red devil (Gauntlet)
  8 merfolk
  A raiju (Gauntlet)
  5 wind drakes
  5 snapping turtles
  5 hippogriffs
  8 slime creatures
  5 water elementals
  3 vampires
  3 wraiths
  5 wyverns
  A basilisk (Lair:3)
  15 yaks
  2 steam dragons
  6 vampire mosquitoes
  A soldier ant (D:13)
  23 nagas
  An acid dragon (D:13)
  9 water moccasins
  2 hell hounds (Gauntlet)
  8 porcupines
  2 black bears (D:9)
  13 orc warriors
  An eye of draining (D:12)
  6 ice beasts
  A necrophage (D:9)
  3 phantoms
  5 ogres
  5 sky beasts
  13 centaurs
  3 crocodiles
  9 big kobolds
  18 bullfrogs
  A wyvern zombie (D:12)
  4 killer bees (D:9)
  13 wights
  4 electric eels (Lair:2)
  5 howler monkeys
  4 crimson imps (Gauntlet)
  3 centaur zombies
  6 hounds
  3 jellies
  2 quasits
  A bullfrog zombie (D:12)
  7 orc priests
  3 bullfrog skeletons
  2 iguanas
  14 orc wizards
  7 worker ants
  2 hound skeletons
  A howler monkey zombie (D:5)
  A worker ant zombie (D:8)
  14 adders
  A shadow imp (D:7)
  A white imp (D:8)
  An ufetubus (D:5)
  2 adder zombies
  An adder skeleton (D:10)
  7 worms
  2 leopard geckos
  61 orcs
  5 giant cockroaches
  A goblin (D:2)
  8 hobgoblins
  3 jackals (D:5)
  6 quokkas
  4 bats
  5 frilled lizards
  26 kobolds
  6 rats
644 creatures vanquished.

Vanquished Creatures (collateral kills)
  Gastronok (Lair:2)
  A merfolk impaler (Shoals:4)
  2 hydras
  2 naga warriors (Snake:4)
  2 naga sharpshooters (Snake:4)
  A tengu warrior (D:15)
  An iron troll (D:13)
  2 sea snakes (Shoals:4)
  2 harpies (Shoals:4)
  2 ugly things (D:15)
  A merfolk siren (Shoals:4)
  A water nymph (Shoals:4)
  2 trolls
  3 slime creatures (D:15)
  A water elemental (Shoals:4)
  A naga (Snake:4)
25 creatures vanquished.

Vanquished Creatures (others)
  Jorgrun (D:15)
  A naga sharpshooter (Snake:4)
  A harpy (Shoals:3)
  A kobold demonologist (D:15)
  3 demonic plants (Gauntlet)
  59 fungi
  110 plants
176 creatures vanquished.

Grand Total: 845 creatures vanquished

Notes
Turn   | Place    | Note
-------+----------+-------------------------------------------
     0 | D:1      | Flugslaktarn the Deep Dwarf Fighter began the quest for the
                  | Orb.
     0 | D:1      | Reached XP level 1. HP: 20/20 MP: 1/1
   143 | D:2      | Found a stormy altar of Qazlal.
   149 | D:2      | Reached XP level 2. HP: 18/27 MP: 2/2
   306 | D:2      | Found a shimmering blue altar of Sif Muna.
   354 | D:2      | Reached skill level 3 in Axes
   372 | D:3      | Reached XP level 3. HP: 15/33 MP: 3/3
   485 | D:4      | Found a staircase to the Ecumenical Temple.
   513 | Temple   | Entered the Ecumenical Temple
   705 | D:4      | Reached XP level 4. HP: 36/42 MP: 4/4
   728 | D:4      | Found a white marble altar of Elyvilon.
   769 | D:4      | Found Zin's Purification Station.
   772 | D:4      | Found a glowing silver altar of Zin.
   972 | D:4      | Noticed a +0 hand axe
   973 | D:4      | Noticed a +0 dagger
   977 | D:4      | Found a hide-covered altar of Uskayaw.
   986 | D:4      | Noticed a phantom
  1018 | D:4      | Killed a phantom
  1018 | D:4      | Reached skill level 4 in Axes
  1018 | D:4      | Reached XP level 5. HP: 17/49 MP: 5/5
  1208 | D:5      | Entered Level 5 of the Dungeon
  1243 | D:5      | Noticed a centaur
  1251 | D:5      | Killed a centaur
  1251 | D:5      | Reached XP level 6. HP: 29/57 MP: 4/4
  1302 | D:5      | Reached skill level 5 in Axes
  1327 | D:5      | Found Zaliriat's Lightly-Used Armoury.
  1796 | D:5      | Reached XP level 7. HP: 17/64 MP: 5/5
  1906 | D:6      | Reached skill level 5 in Armour
  1906 | D:6      | Reached skill level 5 in Shields
  2113 | D:6      | Found Fummiaq's Elemental Accessories.
  2263 | D:6      | Reached skill level 6 in Axes
  2773 | D:7      | Found Yhopp's Armour Shop.
  2934 | D:7      | Reached skill level 1 in Dodging
  2934 | D:7      | Reached skill level 1 in Evocations
  3053 | D:7      | Reached XP level 8. HP: 48/73 MP: 5/5
  3325 | D:7      | You fall into a shaft and drop 2 floors!
  3337 | D:9      | Reached skill level 7 in Axes
  3503 | D:8      | Reached skill level 5 in Fighting
  4304 | D:2      | Found an ancient bone altar of Kikubaaqudgha.
  5246 | D:9      | Found a burning altar of Makhleb.
  5254 | D:9      | Reached skill level 8 in Axes
  5277 | D:9      | Became a worshipper of Makhleb the Destroyer
  5286 | D:9      | Gained mutation: You passively map the area around you.
                  | [Deep Dwarf growth]
  5286 | D:9      | Reached XP level 9. HP: 67/80 MP: 6/6
  5353 | D:9      | Reached skill level 1 in Invocations
  5449 | D:9      | Reached skill level 5 in Evocations
  5457 | D:9      | Found a staircase to the Lair.
  5466 | D:9      | Reached skill level 9 in Axes
  5477 | D:9      | Reached * piety under Makhleb
  5482 | D:9      | Noticed a deep elf mage
  5509 | D:9      | Killed a deep elf mage
  5509 | D:9      | Reached XP level 10. HP: 37/91 MP: 7/9
  5928 | D:10     | Entered Level 10 of the Dungeon
  6124 | D:10     | Reached skill level 5 in Dodging
  6153 | D:10     | Found Hiciulaf's Gadget Shop.
  6166 | D:10     | Bought a condenser vane (2/2) for 240 gold pieces
  6250 | D:10     | Found a runed translucent gate.
  6250 | D:10     | Found a runed translucent gate.
  6250 | D:10     | Found a runed translucent gate.
  6250 | D:10     | Noticed MirrMurr's ghost (journeyman DsBe)
  6306 | D:10     | Found Piothriph's Armour Emporium.
  6567 | D:10     | Reached skill level 10 in Axes
  6696 | D:10     | Killed an unseen horror
  6696 | D:10     | Reached skill level 5 in Invocations
  6817 | D:11     | Noticed an eight-headed hydra
  6852 | D:10     | Killed an 11-headed hydra
  7012 | D:11     | Reached ** piety under Makhleb
  7012 | D:11     | Reached XP level 11. HP: 74/99 MP: 7/7
  7075 | D:11     | Noticed a brown ugly thing
  7083 | D:11     | Noticed a two-headed ogre
  7084 | D:11     | Killed a brown ugly thing
  7108 | D:11     | Killed a two-headed ogre
  7108 | D:11     | Reached skill level 11 in Axes
  7243 | D:11     | Noticed Nergalle
  7250 | D:11     | Noticed a spectral orc warlord
  7263 | D:11     | Killed Nergalle
  8211 | D:12     | Reached *** piety under Makhleb
  8229 | D:12     | Noticed a deep elf mage
  8229 | D:12     | Noticed a cyan ugly thing
  8252 | D:12     | Killed a cyan ugly thing
  8274 | D:12     | Killed a deep elf mage
  8382 | D:12     | Killed an unseen horror
  8439 | D:12     | Noticed Snorg
  8456 | D:12     | Killed Snorg
  8463 | D:12     | Noticed an eight-headed hydra
  8483 | D:12     | Killed a ten-headed hydra
  8548 | D:12     | Noticed a two-headed ogre
  8559 | D:12     | Killed a two-headed ogre
  8559 | D:12     | Reached skill level 12 in Axes
  8614 | D:12     | Killed an unseen horror
  8614 | D:12     | Reached XP level 12. HP: 99/110 MP: 7/7
  8950 | D:12     | Found a staircase to the Orcish Mines.
  9023 | D:12     | Reached **** piety under Makhleb
  9266 | D:13     | Noticed a two-headed ogre
  9277 | D:13     | Killed a two-headed ogre
  9514 | D:13     | Found a snail-covered altar of Cheibriados.
  9515 | D:13     | Found Cheibriados's Comfort Zone.
  9651 | D:13     | Bought a +9 plate armour of ponderousness for 630 gold
                  | pieces
  9801 | D:13     | Found Xyger's Antique Weapon Boutique.
  9909 | D:13     | Found an opulent altar of Gozag.
 10025 | D:13     | Noticed a two-headed ogre
 10035 | D:13     | Killed a two-headed ogre
 10109 | D:13     | Found a gate to the Vaults.
 10196 | D:14     | Reached skill level 10 in Evocations
 10201 | D:14     | Reached skill level 13 in Axes
 10204 | D:14     | Reached skill level 10 in Armour
 10347 | D:14     | Noticed an eight-headed hydra
 10370 | D:14     | Killed a 20-headed hydra
 10562 | D:14     | Noticed an eight-headed hydra
 10572 | D:14     | Killed an 11-headed hydra
 10602 | D:14     | Reached XP level 13. HP: 90/118 MP: 9/9
 10872 | D:15     | Entered Level 15 of the Dungeon
 10907 | D:15     | Noticed Nessos
 10924 | D:15     | Killed Nessos
 10943 | D:15     | Noticed Jorgrun
 10972 | D:15     | Killed Jorgrun
 10985 | D:15     | Reached skill level 10 in Invocations
 11206 | D:15     | Noticed Roxanne
 11289 | D:15     | Reached skill level 14 in Axes
 11482 | D:15     | Noticed a fire dragon
 11483 | D:15     | Noticed a fire dragon
 11497 | D:15     | Killed a fire dragon
 11528 | D:15     | Killed a fire dragon
 11531 | D:15     | Found a staircase to the Depths.
 11981 | D:15     | Reached ***** piety under Makhleb
 12224 | D:13     | Bought a glowing battleaxe for 275 gold pieces
 12352 | Lair:1   | Entered Level 1 of the Lair of Beasts
 12352 | Lair:1   | Found a gate leading to a gauntlet.
 12390 | Gauntlet | Entered a Gauntlet
 12390 | Gauntlet | Found a transporter.
 12390 | Gauntlet | Found a transporter.
 12390 | Gauntlet | Found a transporter.
 12403 | Gauntlet | Found a transporter.
 12403 | Gauntlet | Found a transporter.
 12414 | Gauntlet | Found a transporter.
 12416 | Gauntlet | Found a transporter.
 12423 | Gauntlet | Found a transporter.
 12440 | Gauntlet | Found a transporter.
 12440 | Gauntlet | Noticed a balrug
 12457 | Gauntlet | Found a transporter.
 12460 | Gauntlet | Found a transporter.
 12462 | Gauntlet | Found a runed translucent gate.
 12462 | Gauntlet | Found a runed translucent gate.
 12463 | Gauntlet | Found a large runed translucent door.
 12463 | Gauntlet | Found a large runed translucent door.
 12464 | Gauntlet | Found a large runed translucent door.
 12465 | Gauntlet | Found a large runed translucent door.
 12466 | Gauntlet | Found a large runed translucent door.
 12466 | Gauntlet | Found a large runed translucent door.
 12466 | Gauntlet | Found a runed translucent door.
 12467 | Gauntlet | Found a large runed translucent door.
 12468 | Gauntlet | Found a large runed translucent door.
 12470 | Gauntlet | Found a transporter.
 12509 | Gauntlet | Found a large runed translucent door.
 12510 | Gauntlet | Found a large runed translucent door.
 12511 | Gauntlet | Found a large runed translucent door.
 12511 | Gauntlet | Found a large runed translucent door.
 12511 | Gauntlet | Found a runed translucent door.
 12512 | Gauntlet | Found a large runed translucent door.
 12513 | Gauntlet | Found a large runed translucent door.
 12514 | Gauntlet | Found a large runed translucent door.
 12514 | Gauntlet | Found a large runed translucent door.
 12515 | Gauntlet | Found a runed translucent gate.
 12518 | Gauntlet | Found the +12 Vampire's Tooth {vamp}
 12652 | Gauntlet | Killed a balrug
 12652 | Gauntlet | Reached skill level 10 in Dodging
 12652 | Gauntlet | Gained mutation: You resist negative energy. (rN+) [Deep
                  | Dwarf growth]
 12652 | Gauntlet | Reached XP level 14. HP: 65/129 MP: 9/9
 12765 | Lair:2   | Found a transporter.
 12781 | Lair:2   | Found a transporter.
 12781 | Lair:2   | Noticed Cuetid's ghost (journeyman OpWz)
 13274 | Lair:2   | Noticed Gastronok
 13286 | Lair:2   | Killed Gastronok
 13559 | Lair:3   | Reached skill level 15 in Axes
 14272 | Lair:3   | Found a staircase to the Shoals.
 14761 | Lair:4   | Found a staircase to the Snake Pit.
 14808 | Lair:4   | Noticed Cobof's ghost (journeyman OpVM)
 14830 | Lair:4   | Found a transporter.
 14834 | Lair:4   | Found a transporter.
 15252 | Shoals:1 | Entered Level 1 of the Shoals
 15436 | Shoals:1 | Reached skill level 10 in Fighting
 15986 | Shoals:3 | Reached skill level 16 in Axes
 16013 | Shoals:3 | Reached XP level 15. HP: 139/139 MP: 8/8
 16141 | Shoals:3 | Noticed Louise
 16178 | Shoals:3 | Killed Louise
 16345 | Shoals:4 | Entered Level 4 of the Shoals
 16449 | Shoals:4 | Noticed Ilsuiw
 16473 | Shoals:4 | Killed Ilsuiw
 16576 | Shoals:4 | Reached skill level 17 in Axes
 16763 | Shoals:4 | Got a barnacled rune of Zot
 17015 | D:10     | Bought a +0 pair of gloves of strength for 149 gold pieces
 17022 | D:10     | Bought a +2 plate armour of poison resistance for 481 gold
                  | pieces
 17160 | Snake:1  | Entered Level 1 of the Snake Pit
 17246 | Snake:1  | Reached XP level 16. HP: 150/150 MP: 0/8
 17543 | Snake:4  | Entered Level 4 of the Snake Pit
 17543 | Snake:4  | Noticed Saint Roka
 17572 | Snake:4  | Killed Saint Roka
 17934 | Snake:4  | Reached ****** piety under Makhleb
 18015 | Snake:4  | Reached skill level 18 in Axes
 18069 | Snake:4  | Noticed Vashnia
 18087 | Snake:4  | Engulfed by a cloud of flame

Illustrated notes

Levels and vault maps discovered:
D:1:      minmay_arrival_solitary_statue, layout_basic, corexii_hall_statues_l
D:2:      layout_basic, lemuel_crystal_altar, lemuel_blue_sif_altar,
          old_standard_altar, st_stairs_8
D:3:      layout_loops_ring
D:4:      layout_basic, zin_purify, marbit_many_paths, dancing_weapons_uskayaw,
          minmay_temple_entry_trees, supply_closet_lemuel
D:5:      layout_loops_ring, minmay_shop_damaged, minmay_between
D:6:      layout_loops_corners, nicolae_elemental_shop, minmay_misc_feat_x,
          minmay_misc_feat_pillars
D:7:      layout_loops_corners, serial_shops, kennysheep_little_box
D:8:      minmay_the_grid_square_5x5_3x3 [minmay_the_grid_square_5x5_longway,
          minmay_the_grid_square_5x5_mess, minmay_the_grid_square_5x5_v,
          minmay_the_grid_square_5x5_trominoes,
          minmay_the_grid_square_5x5_megaprize_hollow,
          minmay_the_grid_square_5x5_minibox,
          minmay_the_grid_square_5x5_tetrominoes, minmay_the_grid_square_5x5_n,
          minmay_the_grid_square_5x5_checkered_sparse], layout_gridville,
          kennysheep_generic_room_6, uniq_maggie
D:9:      layout_basic, makhleb_blood_cavern_becter, due_lair_maze_entry_diamond
D:10:     layout_roguey, ebering_ghost_rock_garden, serial_shops,
          nicolae_shop_waterfront, shop, hex_intersection
D:11:     layout_layer_cave, minmay_misc_feat_encased, uniq_nergalle
D:12:     layout_stronghold, david_orc_4, st_stairs_3, uniq_snorg
D:13:     layout_irregular_city, david_vaults_4, basic_altar, serial_shops,
          kennysheep_mini, minmay_shop_chei, item_on_display_a
D:14:     layout_basic, grunt_decor_one_mirror
D:15:     grunt_enter_depths_hoard, layout_long_grid, nicolae_lava_and_water,
          uniq_roxanne, uniq_jorgrun, uniq_nessos
Temple:   regret_index_temple_waves
Lair:1:   layout_small_grid, ebering_ghost_disaster_area,
          gauntlet_entry_generic, uniq_sonja
Lair:2:   layout_long_grid, gammafunk_ghost_arena, serial_bayou,
          serial_bayou_lagoon_b, serial_bayou_pond_a, serial_bayou_shore_a,
          serial_bayou_pond_c, serial_bayou_shore_b, lemuel_fruit_tree,
          uniq_gastronok
Lair:3:   layout_cave_pods, elwin_shoals_entry_rooms, hibernation_bobbens
Lair:4:   layout_loops_ring, minmay_snake_entry_guardpost_small,
          gammafunk_ghost_hive, infiniplex_staircase_pool_2, lemuel_fruit_fields
Shoals:1: layout_shoals
Shoals:2: layout_shoals
Shoals:3: layout_shoals, nicolae_shoals_kraken_intersection, uniq_louise
Shoals:4: shoals_end_simple, layout_shoals, shoals_ilsuiw_alternative
Snake:1:  layout_misc_corridors, grunt_megastairs_3
Snake:2:  layout_misc_corridors
Snake:3:  layout_chambers, chequers_hall_statues_corner_a, uniq_aizul
Snake:4:  minmay_snake_end_coiled, layout_misc_corridors,
          nicolae_snake_round_shape_thing, uniq_saint_roka, uniq_vashnia

Skill      XL: |  1  2  3  4  5  6  7  8  9 10 11 12 13 14 15 16 |
---------------+-------------------------------------------------+-----
Axes           | 3 4 5 6 8 9 10 12 13 14 16 17 18 | 18.1
Fighting       | 3 4 5 6 7 8 9 10 11 | 11.7
Armour         | 4 5 6 7 8 9 10 11 12 13 | 13.7
Shields        | 4 5 |  5.2
Dodging        | 1 3 4 6 7 8 10 11 12 | 12.8
Evocations     | 1 4 5 7 9 10 | 10.0
Invocations    | 4 6 7 9 11 12 13 14 | 14.4

Action                   |  1- 3 |  4- 6 |  7- 9 | 10-12 | 13-15 | 16-18 || total
-------------------------+-------+-------+-------+-------+-------+-------++-------
Melee: War axe           |    70 |   100 |   437 |   981 |   317 |       ||  1905
       Battleaxe         |       |       |       |       |   865 |   242 ||  1107
Invok: Lesser Servant of |       |       |       |    10 |     8 |       ||    18
       Greater Servant o |       |       |       |       |     2 |     3 ||     5
 Abil: Heal Wounds       |     1 |     3 |    12 |    36 |    32 |     8 ||    92
Evoke: Condenser vane    |       |       |       |     5 |     5 |     3 ||    13
       Wand              |       |       |       |       |     4 |       ||     4
  Use: Scroll            |       |       |    17 |     6 |    14 |     2 ||    39
       Potion            |       |       |     2 |     2 |     3 |       ||     7
 Stab: Distracted        |       |       |       |     2 |     3 |     1 ||     6
       Paralysed         |       |       |       |       |    14 |       ||    14
Armor: Scale mail        |    40 |    39 |     6 |       |       |       ||    85
       Chain mail        |       |       |   314 |   411 |       |       ||   725
       Plate armour      |       |       |       |   556 |  1129 |   153 ||  1838
Dodge: Dodged            |    33 |    28 |   159 |   398 |  1359 |   244 ||  2221
Block: Kite shield       |    43 |    66 |   282 |   624 |   234 |       ||  1249

Table legend: (Time is in decaauts)
 A = Elapsed time spent in this place.
 B = Non-inter-level travel time spent in this place.
 C = Inter-level travel time spent in this place.
 D = Time resting spent in this place.
 E = Time spent auto-exploring this place.
 F = Levels seen in this place.
 G = Mean time per level.
                   A        B        C        D        E       F      G
               +--------+--------+--------+--------+--------+-----+--------+
         Total |  18834 |  17059 |   1775 |    408 |  11285 |  29 |  649.4 |
       Dungeon |  12616 |  11506 |   1110 |    379 |   7683 |  15 |  841.1 |
        Temple |    139 |     70 |     69 |      0 |     69 |   1 |  139.0 |
          Lair |   3025 |   2610 |    415 |      0 |   2236 |   4 |  756.2 |
        Shoals |   1821 |   1649 |    172 |     27 |    689 |   4 |  455.2 |
     Snake Pit |    874 |    866 |      8 |      2 |    460 |   4 |  218.5 |
      Gauntlet |    357 |    357 |      0 |      0 |    147 |   1 |  357.0 |
               +--------+--------+--------+--------+--------+-----+--------+

Top non-repeatable levels by time:
    D:15: 1328 daAuts
  Lair:3: 1254 daAuts
    D:12: 1248 daAuts
    D:10: 1126 daAuts
    D:11: 1101 daAuts
    D:13: 1049 daAuts
     D:7: 951 daAuts
  Lair:2: 934 daAuts
     D:6: 929 daAuts
     D:9: 886 daAuts
    D:14: 749 daAuts
     D:5: 741 daAuts
     D:4: 737 daAuts
     D:3: 722 daAuts
  Lair:4: 707 daAuts
